 Dungeon Crawl Stone Soup version 0.29.1-2-gbd0b4ee654 (webtiles) character file.

Game seed: 15059236601488439214

61 Descartes the Changer (level 3, 0/16 HPs)
             Began as a Spriggan Wanderer on Nov 26, 2022.
             Slain by a goblin
             ... wielding a +0 dagger of freezing
             ... led by Robin
              (5 damage)
             ... on level 2 of the Dungeon.
             The game lasted 00:07:29 (1564 turns).

Descartes the Changer (Spriggan Wanderer)           Turns: 1564, Time: 00:07:30

Health: 0/16       AC:  2    Str:  9    XL:     3   Next: 83%
Magic:  8/8        EV: 16    Int: 17    God:
Gold:   79         SH:  0    Dex: 11    Spells: 3/7 levels left

rFire   + . .      SeeInvis +   a - +0 dagger
rCold   + . .      Faith    .   (no shield)
rNeg    . . .      Spirit   .   c - +0 robe
rPois   +          Reflect  .   (helmet restricted)
rElec   +          Harm     .   (no cloak)
rCorr   +          Rampage  .   (gloves unavailable)
Will    .....                   (boots unavailable)
Stlth   +.........              h - amulet of magic regeneration
HPRegen 0.05/turn               (no ring)
MPRegen 0.51/turn               (no ring)

@: confused, resistant, ambrosia-drunk, hasted, very quick
A: very small, no large weapons, unfitting armour, see invisible, speed 3
a: no special abilities


You were on level 2 of the Dungeon.
You visited 1 branch of the dungeon, and saw 2 of its levels.

You collected 79 gold pieces.

Inventory:

Hand Weapons
 a - a +0 dagger (weapon)
Armour
 c - a +0 robe (worn)
Jewellery
 h - an amulet of magic regeneration (around neck)
Wands
 d - a wand of flame (4) (quivered)
Scrolls
 i - a scroll of poison {unknown}
 j - a scroll of brand weapon {unknown}
 l - a scroll of amnesia
 m - a scroll of teleportation {unknown}
 n - a scroll of enchant armour {unknown}
 o - a scroll of enchant weapon {unknown}
Potions
 b - 2 potions of attraction
 e - a potion of mutation {unknown}
 k - a potion of brilliance {unknown}


   Skills:
 - Level 1.0 Throwing
 + Level 2.5 Dodging
 + Level 2.2 Stealth
 - Level 2.6 Spellcasting
 - Level 1.5 Translocations
 + Level 4.5 Transmutations
 + Level 1.0 Fire Magic
 + Level 1.3 Poison Magic
 - Level 2.6 Evocations


You had 3 spell levels left.
You knew the following spells:

 Your Spells              Type           Power      Damage    Failure   Level
a - Sting                 Tmut/Pois      48%        1d5       5%          1
b - Ignite Poison         Fire/Tmut/Pois 10%        N/A       21%         3

Your spell library contained the following spells:

 Spells                   Type           Power      Damage    Failure   Level
 Apportation              Tloc           14%        N/A       10%         1
 Lesser Beckoning         Tloc           7%         N/A       28%         3
 Petrify                  Tmut/Erth      10%        N/A       56%         4


Dungeon Overview and Level Annotations

Branches:
Dungeon (2/15)

Altars:

Annotations:
D:2 Robin


Innate Abilities, Weirdness & Mutations

You are very small and have problems with some larger weapons.
You are too small for most types of armour.
You have supernaturally acute eyesight. (SInv)
You cover ground extremely quickly. (Speed+++)


Message History

* * * LOW HITPOINT WARNING * * *
Unknown command.
Casting: Sting (safe; 5% risk of failure)
Confirm with . or Enter, or press ? or * to list all spells.
You can't see any susceptible monsters within range! (Use Z to cast anyway.)
Casting: Sting (safe; 5% risk of failure)
Confirm with . or Enter, or press ? or * to list all spells.
Aiming: Sting (safe; 5% risk of failure)
Press: ? - help, Shift-Dir - straight line, f - goblin, p - goblin
Aim: a goblin, wielding a +0 dagger (severely wounded, strong, 64% to hit)
The sting hits the goblin.
The goblin is poisoned.
You kill the goblin!
The goblin barely misses you. Robin throws the goblin at you!
* * * LOW HITPOINT WARNING * * *
It was a potion of resistance.
You feel protected. The goblin completely misses you.
The goblin hits you with a +0 dagger of freezing.
* * * LOW HITPOINT WARNING * * *
Unknown command.
As you read the scroll labelled ZUTYRA SEUDEZ, it crumbles to dust.
It is a scroll of amnesia.
Really abort (and waste the scroll)?
Okay, then.
Robin roars a battlecry!
The goblins go into a battle-frenzy!
The goblin closely misses you. x2
Your magical contamination has completely faded away.
It was a potion of ambrosia.
You are confused.
You feel invigorated. The goblin completely misses you.
The goblin hits you but does no damage.
You're too confused to cast spells.
It was a potion of haste.
You feel yourself speed up. The goblin hits you with a +0 club.
The goblin hits you with a +0 dagger of freezing.
The goblin freezes you.
You bump into the rock wall.
The goblin hits you with a +0 club.
The goblin hits you with a +0 dagger of freezing.
You die...

.########
..[.....######
#......<...#
#.###)####.#
.##g###.####.#
.gggg.gg.....#
.##.###g###..#
#g# #..# #@#
#..###
###g###....#
#....##.##.#
#.#.###.##.#
#.### #.##.# #.#
#.##.# #.#
#.##.###### #.#
#.##......#
#.#####.#######.#


You could see Robin, a hobgoblin (strong) and 3 goblins.

Vanquished Creatures
  Natasha (D:2)
  2 dart slugs
  4 ball pythons
  2 endoplasms (D:1)
  A giant cockroach (D:2)
  8 goblins
  2 hobgoblins
  2 jackals
  2 quokkas
  2 bats (D:1)
  2 frilled lizards (D:2)
  2 rats (D:1)
30 creatures vanquished.

Notes
Turn   | Place    | Note
-------+----------+-------------------------------------------
     0 | D:1      | Descartes the Spriggan Wanderer began the quest for the
                  | Orb.
     0 | D:1      | Descartes set off with the following items: a +0 dagger, a
                  | potion of attraction, a +0 robe, a wand of flame (4); and
                  | the following spells available to memorise: Sting,
                  | Apportation, Lesser Beckoning, Ignite Poison, Petrify.
     0 | D:1      | Reached XP level 1. HP: 9/9 MP: 5/5
     2 | D:1      | Learned a level 1 spell: Sting
   338 | D:1      | Reached skill level 1 in Stealth
   368 | D:1      | Reached XP level 2. HP: 13/13 MP: 6/6
   950 | D:2      | Reached skill level 1 in Poison Magic
  1159 | D:2      | Noticed Natasha
  1180 | D:2      | Reached XP level 3. HP: 16/16 MP: 6/8
  1204 | D:1      | Learned a level 3 spell: Ignite Poison
  1363 | D:2      | Killed Natasha
  1364 | D:2      | Reached skill level 1 in Fire Magic
  1553 | D:2      | Noticed Robin
  1564 | D:2      | Slain by a goblin

Illustrated notes

Levels and vault maps discovered:
D:1:      moated_graveyard_arrival, layout_loops_ring, minmay_cut_off
D:2:      layout_loops_ring, minmay_surrounded, uniq_natasha, uniq_robin,
          uniq_terence

Skill      XL: |  1  2  3 |
---------------+----------+-----
Stealth        | 1 2 |  2.2
Dodging        | 2 |  2.5
Poison Magic   | 1 |  1.3
Fire Magic     | 1 |  1.0
Throwing       | |  1.0
Spellcasting   | |  2.6
Translocations | |  1.5
Transmutations | |  4.5
Evocations     | |  2.6

Action                   || total
-------------------------++-------
Melee: Dagger            ||     8
 Cast: Sting             ||    56
       Ignite Poison     ||     1
  Use: Potion            ||     3
       Scroll            ||     1
Armor: Robe              ||     2
Dodge: Dodged            ||    19
